Oilers vs Predateurs

Created - 15 mars 2022 at 16:53

Goals
1 2 3 T
Oilers 2 0 1 3
Predateurs 0 0 1 1
Shots
1 2 3 T
Oilers 13 19 8 40
Predateurs 8 11 18 37

GoalsPenalties
1st period
1. Oilers , Kevin Hayes 15 (John Tavares 41) at 0:37
2. Oilers , Logan Couture 36 (John Tavares 42, Mark Giordano 55) at 1:07
Brady Skjei (NAS) for Holding (Minor) at 6:06
Tyler Motte (EDM) for Goalie Interference (Minor) at 10:27
Justin Faulk (EDM) for Hooking (Minor) at 11:06
Ross Colton (NAS) for Holding (Minor) at 13:35
2nd period
No Goal
Justin Faulk (EDM) for Hooking (Minor) at 1:53
Brady Skjei (NAS) for Hooking (Minor) at 17:04
3rd period
3. Predateurs , Esa Lindell 10 (Zach Parise 21) at 2:22
4. Oilers , Keith Yandle 3 (Ryan Pulock 39, Joe Pavelski 36) at 11:57 (PP)
Mark Giordano (EDM) for Holding (Minor) at 2:34
Ross Colton (NAS) for Hooking (Minor) at 11:53
Denis Gurianov (NAS) for Hooking (Minor) at 15:51
Goalie Stats
Connor Hellebuyck (EDM), 36 saves from 37 shots - (0,973), W, 33-18-7, 60:00 minutes
Pekka Rinne (NAS), 37 saves from 40 shots - (0,925), L, 29-21-4, 60:00 minutes
3 StarsOfficial
1 - Connor Hellebuyck (EDM)
2 - Keith Yandle (EDM)
3 - Kevin Hayes (EDM)
Referees : Kelly Sutherland and Evgeny Romasko
Linesman : Matt MacPherson and John Grandt
Game Note
Stephen Johns is injured at 6:59 of 2nd period (Sprained Right Ankle)



Team Name Goals Shots Shots Attemp Shots Blocked PIM HIT PP PK FO%
Oilers 3407678261 / 5 (20%)054%
Predateurs 137641510240 / 4 (0%)146%

Oilers
Player Name POS G A P +/- PIM HIT SHT SB MP PP MP PP SHT PK MP PK SHT FO% FOT
Alex IafalloC/LW0000025021:074:0122:15050% 2
Brian DumoulinD000-1023315:220:0004:1600% 0
Casey CizikasC000005109:470:0003:23041% 17
Christian DvorakC/LW0000002010:220:0000:00060% 10
Devin ShoreC/LW000001106:540:0000:3000% 1
Joe PavelskiC/RW0110005018:524:0110:00057% 35
John TavaresC0221011017:463:5910:00055% 31
Jordan EberleRW0000000010:220:0000:00067% 3
Justin FaulkD0000421121:323:4610:4700% 0
Keith YandleD1012024121:354:1420:0300% 0
Kevin HayesC/RW1011032017:463:5900:000100% 1
Logan CoutureC/LW1011014120:593:5913:13083% 6
Mark GiordanoD0112215022:593:4611:5600% 0
Mike ReillyD000-1010113:480:0001:5400% 0
Robby FabbriC/LW/RW000000106:240:0000:0000% 1
Ryan PulockD0110011024:414:1404:1500% 0
Tomas TatarLW/RW0000013018:524:0100:00050% 2
Tyler MotteC/LW/RW0000231012:520:0002:3100% 2
Predateurs
Player Name POS G A P +/- PIM HIT SHT SB MP PP MP PP SHT PK MP PK SHT FO% FOT
Alexander WennbergC/LW/RW0001004011:270:0000:00053% 17
Brad RichardsonC/LW/RW000001116:270:0000:00050% 12
Brady SkjeiD0000421326:502:4111:3700% 0
Denis GurianovLW/RW000-1203017:403:3310:00050% 2
Esa LindellD1010003424:532:4114:4800% 0
Filip ForsbergLW/RW000-1011021:443:3304:0300% 1
Fredrik ClaessonD000-1001217:020:0002:1900% 0
Jamie BennC000-1041021:353:3303:54040% 42
Josh ArchibaldLW/RW0000012010:240:0003:57067% 3
Leon DraisaitlC/LW/RW000-1025016:283:0310:03050% 4
Mike GreenD0000042118:393:5520:0000% 0
Nathan BeaulieuD000-1031225:143:5515:0500% 0
Ross ColtonC/LW/RW0001440011:250:0000:0000% 0
Sidney CrosbyC000-1006016:253:0300:00057% 23
Stephen JohnsD000001017:200:0002:1100% 0
Teuvo TeravainenLW/RW000-1003116:253:0310:00050% 2
Trevor LewisC/LW/RW0000011010:300:0004:0300% 4
Zach PariseLW/RW0111002011:270:0000:0000% 1

Oilers

5 vs 5 Forward
Line #Left WingCenterRight WingPHYDFOFWanted %Time %Time Play
1Alex IafalloJoe PavelskiTomas Tatar0413233%14:51
2Logan CoutureJohn TavaresKevin Hayes0323030%13:47
3Tyler MotteChristian DvorakJordan Eberle0412323%10:22
4Devin ShoreCasey CizikasRobby Fabbri1311514%6:24
5 vs 5 Defense
Line #DefenseDefensePHYDFOFWanted %Time %Time Play
1Justin FaulkRyan Pulock0413837%17:00
2Keith YandleMark Giordano0323838%17:18
3Brian DumoulinMike Reilly0412424%11:06
4Keith YandleMark Giordano13100%0:00
Power Play Forward
Line #Left WingCenterRight WingPHYDFOFWanted %Time %Time Play
1Logan CoutureJohn TavaresKevin Hayes0325050%3:59
2Alex IafalloJoe PavelskiTomas Tatar0415050%4:01
Power Play Defense
Line #DefenseDefensePHYDFOFWanted %Time %Time Play
1Keith YandleRyan Pulock0325053%4:14
2Justin FaulkMark Giordano0415047%3:46
Penalty Kill 4 Players Forward
Line #CenterWingPHYDFOFWanted %Time %Time Play
1Casey CizikasTyler Motte1225052%2:44
2Logan CoutureAlex Iafallo0325048%2:32
Penalty Kill 4 Players Defense
Line #DefenseDefensePHYDFOFWanted %Time %Time Play
1Mark GiordanoBrian Dumoulin1225042%2:12
2Ryan PulockJustin Faulk0325058%3:04
Penalty Kill 3 Players
Line #WingPHYDFOFWanted %Time %Time PlayDefenseDefensePHYDFOFWanted %Time %Time Play
1Casey Cizikas1225049%0:39 Mark GiordanoBrian Dumoulin1225018%0:14
2Logan Couture1225051%0:41 Justin FaulkRyan Pulock1225083%1:06
4 vs 4 Forward
Line #CenterWingPHYDFOFWanted %Time %Time Play
1John TavaresLogan Couture122500%0:00
2Joe PavelskiKevin Hayes122500%0:00
4 vs 4 Defense
Line #DefensePHYDFOFWanted %Time %Time Play
1Mark GiordanoJustin Faulk122500%0:00
2Ryan PulockBrian Dumoulin122500%0:00
Last Minutes Offensive
Left WingCenterRight WingDefenseDefense
Logan CoutureJohn TavaresTomas TatarMark GiordanoJustin Faulk
Last Minutes Defensive
Left WingCenterRight WingDefenseDefense
Logan CoutureCasey CizikasTyler MotteMark GiordanoBrian Dumoulin
Time
Total ForwardTotal DefenseLast Minutes OffensiveLast Minutes Defensive
60:00 60:00 0:000:00
Extra Forwards
Normal PowerPlayPenalty Kill
John Tavares, Tomas Tatar, Tyler MotteKevin Hayes, Tomas TatarTyler Motte
Extra Defensemen
Normal PowerPlayPenalty Kill
Mark Giordano, Ryan Pulock, Brian DumoulinMark Giordano, Ryan PulockBrian Dumoulin
Penalty Shots
Tomas Tatar, John Tavares, Jordan Eberle, Logan Couture, Robby Fabbri
Goalie
Connor Hellebuyck, Craig Anderson
Custom OT Lines Forwards
Logan Couture, John Tavares, Kevin Hayes, Joe Pavelski, Christian Dvorak, Alex Iafallo, Tomas Tatar, Tyler Motte, Robby Fabbri, Jordan Eberle
Custom OT Lines Defensemen
Mark Giordano, Justin Faulk, Ryan Pulock, Brian Dumoulin, Mike Reilly
Scratches
Vinnie Hinostroza (Healthy), Kevin Labanc (Healthy), Anton Stralman (Healthy)

Predateurs

5 vs 5 Forward
Line #Left WingCenterRight WingPHYDFOFWanted %Time %Time Play
1Leon DraisaitlSidney CrosbyTeuvo Teravainen0233029%13:22
2Filip ForsbergJamie BennDenis Gurianov1223031%14:08
3Zach PariseAlexander WennbergRoss Colton1222425%11:27
4Trevor LewisBrad RichardsonJosh Archibald2211614%6:27
5 vs 5 Defense
Line #DefenseDefensePHYDFOFWanted %Time %Time Play
1Brady SkjeiEsa Lindell1223026%11:53
2Nathan BeaulieuFredrik Claesson1223031%14:15
3Stephen JohnsMike Green1222434%15:22
4Brady SkjeiEsa Lindell122169%3:54
Power Play Forward
Line #Left WingCenterRight WingPHYDFOFWanted %Time %Time Play
1Leon DraisaitlSidney CrosbyTeuvo Teravainen0145046%3:03
2Filip ForsbergJamie BennDenis Gurianov1225054%3:33
Power Play Defense
Line #DefenseDefensePHYDFOFWanted %Time %Time Play
1Brady SkjeiEsa Lindell1225041%2:41
2Nathan BeaulieuMike Green1225059%3:55
Penalty Kill 4 Players Forward
Line #CenterWingPHYDFOFWanted %Time %Time Play
1Jamie BennJosh Archibald1225049%3:57
2Trevor LewisFilip Forsberg1225051%4:03
Penalty Kill 4 Players Defense
Line #DefenseDefensePHYDFOFWanted %Time %Time Play
1Brady SkjeiEsa Lindell1225040%3:12
2Nathan BeaulieuStephen Johns1225060%4:48
Penalty Kill 3 Players
Line #WingPHYDFOFWanted %Time %Time PlayDefenseDefensePHYDFOFWanted %Time %Time Play
1Jamie Benn122500%0:00 Brady SkjeiEsa Lindell122500%0:00
2Josh Archibald122500%0:00 Nathan BeaulieuStephen Johns122500%0:00
4 vs 4 Forward
Line #CenterWingPHYDFOFWanted %Time %Time Play
1Sidney CrosbyLeon Draisaitl122500%0:00
2Jamie BennFilip Forsberg122500%0:00
4 vs 4 Defense
Line #DefensePHYDFOFWanted %Time %Time Play
1Brady SkjeiEsa Lindell122500%0:00
2Nathan BeaulieuFredrik Claesson122500%0:00
Last Minutes Offensive
Left WingCenterRight WingDefenseDefense
Leon DraisaitlSidney CrosbyTeuvo TeravainenBrady SkjeiEsa Lindell
Last Minutes Defensive
Left WingCenterRight WingDefenseDefense
Leon DraisaitlSidney CrosbyTeuvo TeravainenBrady SkjeiEsa Lindell
Time
Total ForwardTotal DefenseLast Minutes OffensiveLast Minutes Defensive
60:00 60:00 0:000:00
Extra Forwards
Normal PowerPlayPenalty Kill
Leon Draisaitl, Sidney Crosby, Filip ForsbergLeon Draisaitl, Filip ForsbergJosh Archibald
Extra Defensemen
Normal PowerPlayPenalty Kill
Brady Skjei, Nathan Beaulieu, Esa LindellNathan Beaulieu, Esa LindellNathan Beaulieu
Penalty Shots
Leon Draisaitl, Filip Forsberg, Teuvo Teravainen, Zach Parise, Jamie Benn
Goalie
Pekka Rinne, Antti Raanta
Custom OT Lines Forwards
Leon Draisaitl, Filip Forsberg, Sidney Crosby, Teuvo Teravainen, Jamie Benn, Denis Gurianov, Alexander Wennberg, Zach Parise, Josh Archibald, Brad Richardson
Custom OT Lines Defensemen
Brady Skjei, Esa Lindell, Nathan Beaulieu, Fredrik Claesson, Mike Green
Scratches
Justin Schultz (Lower Body Injury), Ben Street (Healthy), Givani Smith (Healthy), Dan Hamhuis (Head Injury), Beck Warm (Healthy)


Play-by-Play

1st period


0:01 of 1st period - Leon Draisaitl wins face-off versus Joe Pavelski in neutral zone.
0:32 of 1st period - Shot by Joe Pavelski.
0:32 of 1st period - Shot Blocked by Esa Lindell.
0:35 of 1st period - Icing by Esa Lindell.
0:36 of 1st period - John Tavares wins face-off versus Sidney Crosby in Predateurs zone.
0:37 of 1st period - Shot by Kevin Hayes.
0:37 of 1st period - Goal by Kevin Hayes - Oilers : 1 - Predateurs : 0.
0:38 of 1st period - John Tavares wins face-off versus Jamie Benn in neutral zone.
1:07 of 1st period - Shot by Logan Couture.
1:07 of 1st period - Goal by Logan Couture - Oilers : 2 - Predateurs : 0.
1:08 of 1st period - Christian Dvorak wins face-off versus Alexander Wennberg in neutral zone.
1:46 of 1st period - Shot by Zach Parise.
1:46 of 1st period - Shot Misses the Net.
1:48 of 1st period - Shot by Alexander Wennberg.
1:48 of 1st period - Stopped by Connor Hellebuyck without a rebound.
1:49 of 1st period - Brad Richardson wins face-off versus Casey Cizikas in Oilers zone.
2:11 of 1st period - Josh Archibald is hit by Mark Giordano and loses puck.
2:50 of 1st period - Icing by Justin Faulk.
2:51 of 1st period - John Tavares wins face-off versus Jamie Benn in Oilers zone.
3:21 of 1st period - Shot by Kevin Hayes.
3:21 of 1st period - Shot Misses the Net.
4:04 of 1st period - Shot by Sidney Crosby.
4:04 of 1st period - Stopped by Connor Hellebuyck without a rebound.
4:05 of 1st period - Joe Pavelski wins face-off versus Alexander Wennberg in Oilers zone.
5:07 of 1st period - Icing by Mark Giordano.
5:08 of 1st period - Christian Dvorak wins face-off versus Sidney Crosby in Oilers zone.
5:41 of 1st period - Shot by Mark Giordano.
5:41 of 1st period - Stopped by Pekka Rinne without a rebound.
5:42 of 1st period - Casey Cizikas wins face-off versus Jamie Benn in Predateurs zone.
5:57 of 1st period - Shot by Robby Fabbri.
5:57 of 1st period - Shot Misses the Net.
5:59 of 1st period - Shot by Devin Shore.
5:59 of 1st period - Stopped by Pekka Rinne without a rebound.
6:00 of 1st period - Joe Pavelski wins face-off versus Brad Richardson in Predateurs zone.
6:06 of 1st period - Minor Penalty to Brady Skjei for Holding.
6:07 of 1st period - John Tavares wins face-off versus Jamie Benn in Predateurs zone.
6:26 of 1st period - Filip Forsberg is hit by Kevin Hayes and loses puck.
6:39 of 1st period - Shot by John Tavares.
6:39 of 1st period - Shot Blocked by Esa Lindell.
6:41 of 1st period - Shot by Kevin Hayes.
6:41 of 1st period - Deflect By John Tavares.
6:41 of 1st period - Stopped by Pekka Rinne without a rebound.
6:42 of 1st period - Joe Pavelski wins face-off versus Jamie Benn in Predateurs zone.
6:43 of 1st period - Shot by Tomas Tatar.
6:43 of 1st period - Shot Blocked by Esa Lindell.
6:45 of 1st period - Shot by Alex Iafallo.
6:45 of 1st period - Stopped by Pekka Rinne without a rebound.
6:46 of 1st period - Jamie Benn wins face-off versus Joe Pavelski in Predateurs zone.
8:32 of 1st period - Shot by Jordan Eberle.
8:32 of 1st period - Shot Misses the Net.
8:34 of 1st period - Shot by Christian Dvorak.
8:34 of 1st period - Stopped by Pekka Rinne without a rebound.
8:35 of 1st period - Casey Cizikas wins face-off versus Sidney Crosby in Predateurs zone.
8:59 of 1st period - Shot by Sidney Crosby.
8:59 of 1st period - Deflect By Leon Draisaitl.
8:59 of 1st period - Stopped by Connor Hellebuyck without a rebound.
9:00 of 1st period - Joe Pavelski wins face-off versus Jamie Benn in Oilers zone.
9:38 of 1st period - Shot by Nathan Beaulieu.
9:38 of 1st period - Shot Misses the Net.
9:43 of 1st period - Icing by Justin Faulk.
9:44 of 1st period - Joe Pavelski wins face-off versus Sidney Crosby in Oilers zone.
10:16 of 1st period - Icing by Brady Skjei.
10:17 of 1st period - Sidney Crosby wins face-off versus Jordan Eberle in Predateurs zone.
10:27 of 1st period - Minor Penalty to Tyler Motte for Goalie Interference.
10:28 of 1st period - Jamie Benn wins face-off versus Casey Cizikas in Oilers zone.
10:43 of 1st period - Icing by Filip Forsberg.
10:44 of 1st period - Jamie Benn wins face-off versus Logan Couture in Predateurs zone.
10:44 of 1st period - Jamie Benn is hit by Logan Couture.
10:50 of 1st period - Jamie Benn is hit by Alex Iafallo and loses puck.
10:56 of 1st period - Jamie Benn is hit by Ryan Pulock and loses puck.
11:06 of 1st period - Shot by Mike Green.
11:06 of 1st period - Stopped by Connor Hellebuyck without a rebound.
11:06 of 1st period - Minor Penalty to Justin Faulk for Hooking.
11:07 of 1st period - Casey Cizikas wins face-off versus Sidney Crosby in Oilers zone.
11:20 of 1st period - Shot by Teuvo Teravainen.
11:20 of 1st period - Stopped by Connor Hellebuyck without a rebound.
11:21 of 1st period - Logan Couture wins face-off versus Jamie Benn in Oilers zone.
11:55 of 1st period - Icing by Esa Lindell.
11:56 of 1st period - Jamie Benn wins face-off versus Casey Cizikas in Predateurs zone.
11:56 of 1st period - Jamie Benn is hit by Casey Cizikas.
12:08 of 1st period - Shot by Denis Gurianov.
12:08 of 1st period - Stopped by Connor Hellebuyck with a rebound.
12:12 of 1st period - Shot by Brady Skjei.
12:12 of 1st period - Shot Blocked by Brian Dumoulin.
12:32 of 1st period - Shot by Tyler Motte.
12:32 of 1st period - Shot Misses the Net.
12:38 of 1st period - Nathan Beaulieu is hit by Casey Cizikas and loses puck.
12:42 of 1st period - Mike Green is hit by Casey Cizikas and loses puck.
12:54 of 1st period - Sidney Crosby is hit by Mike Reilly and loses puck.
13:19 of 1st period - Shot by Josh Archibald.
13:19 of 1st period - Stopped by Connor Hellebuyck without a rebound.
13:20 of 1st period - Alexander Wennberg wins face-off versus John Tavares in Oilers zone.
13:20 of 1st period - Alexander Wennberg is hit by Keith Yandle.
13:35 of 1st period - Minor Penalty to Ross Colton for Holding.
13:36 of 1st period - Joe Pavelski wins face-off versus Jamie Benn in Predateurs zone.
13:57 of 1st period - Shot by Alex Iafallo.
13:57 of 1st period - Stopped by Pekka Rinne without a rebound.
13:58 of 1st period - Jamie Benn wins face-off versus John Tavares in Predateurs zone.
14:25 of 1st period - Shot by Justin Faulk.
14:25 of 1st period - Stopped by Pekka Rinne with a rebound.
14:28 of 1st period - Logan Couture is hit by Stephen Johns and loses puck.
16:05 of 1st period - Off-side.
16:06 of 1st period - Sidney Crosby wins face-off versus Casey Cizikas in neutral zone.
16:23 of 1st period - Shot by Casey Cizikas.
16:23 of 1st period - Stopped by Pekka Rinne without a rebound.
16:24 of 1st period - Jamie Benn wins face-off versus John Tavares in Predateurs zone.
16:29 of 1st period - Mark Giordano is hit by Filip Forsberg and loses puck.
17:00 of 1st period - Shot by Jamie Benn.
17:00 of 1st period - Stopped by Connor Hellebuyck without a rebound.
17:01 of 1st period - Sidney Crosby wins face-off versus Alex Iafallo in Oilers zone.
17:02 of 1st period - Shot by Leon Draisaitl.
17:02 of 1st period - Shot Blocked by Mike Reilly.
17:04 of 1st period - Shot by Leon Draisaitl.
17:04 of 1st period - Shot Blocked by Brian Dumoulin.
17:06 of 1st period - Shot by Teuvo Teravainen.
17:06 of 1st period - Shot Misses the Net.
17:24 of 1st period - Shot by Teuvo Teravainen.
17:24 of 1st period - Shot Misses the Net.
17:35 of 1st period - Off-side.
17:36 of 1st period - Brad Richardson wins face-off versus Tyler Motte in neutral zone.
17:49 of 1st period - Shot by Christian Dvorak.
17:49 of 1st period - Shot Misses the Net.
17:54 of 1st period - Icing by Nathan Beaulieu.
17:55 of 1st period - John Tavares wins face-off versus Brad Richardson in Predateurs zone.
17:59 of 1st period - Icing by Nathan Beaulieu.
18:00 of 1st period - Joe Pavelski wins face-off versus Brad Richardson in Predateurs zone.
18:01 of 1st period - Shot by Tomas Tatar.
18:01 of 1st period - Stopped by Pekka Rinne without a rebound.
18:02 of 1st period - Joe Pavelski wins face-off versus Denis Gurianov in Predateurs zone.
18:11 of 1st period - Shot by Alex Iafallo.
18:11 of 1st period - Stopped by Pekka Rinne without a rebound.
18:12 of 1st period - John Tavares wins face-off versus Sidney Crosby in Predateurs zone.
18:35 of 1st period - Shot by Logan Couture.
18:35 of 1st period - Stopped by Pekka Rinne without a rebound.
18:36 of 1st period - Jamie Benn wins face-off versus Joe Pavelski in Predateurs zone.
18:48 of 1st period - Icing by Filip Forsberg.
18:49 of 1st period - John Tavares wins face-off versus Jamie Benn in Predateurs zone.
18:51 of 1st period - Logan Couture is hit by Nathan Beaulieu and loses puck.
19:10 of 1st period - Shot by Denis Gurianov.
19:10 of 1st period - Shot Misses the Net.
19:12 of 1st period - Shot by Filip Forsberg.
19:12 of 1st period - Shot Blocked by Justin Faulk.
19:14 of 1st period - Shot by Denis Gurianov.
19:14 of 1st period - Shot Misses the Net.
Goals for this period are 2 for Oilers vs 0 for Predateurs.
Shots for this period are 13 for Oilers vs 8 for Predateurs.

2nd period


0:01 of 2nd period - Joe Pavelski wins face-off versus Alexander Wennberg in neutral zone.
0:03 of 2nd period - Keith Yandle is hit by Ross Colton and loses puck.
0:18 of 2nd period - Shot by Joe Pavelski.
0:18 of 2nd period - Shot Misses the Net.
0:20 of 2nd period - Shot by Joe Pavelski.
0:20 of 2nd period - Stopped by Pekka Rinne without a rebound.
0:21 of 2nd period - Christian Dvorak wins face-off versus Jamie Benn in Predateurs zone.
0:39 of 2nd period - Shot by Stephen Johns.
0:39 of 2nd period - Shot Misses the Net.
0:41 of 2nd period - Shot by Jamie Benn.
0:41 of 2nd period - Shot Hit the Post.
0:47 of 2nd period - Shot by Denis Gurianov.
0:47 of 2nd period - Stopped by Connor Hellebuyck without a rebound.
0:48 of 2nd period - Sidney Crosby wins face-off versus Joe Pavelski in Oilers zone.
1:53 of 2nd period - Minor Penalty to Justin Faulk for Hooking.
1:54 of 2nd period - Casey Cizikas wins face-off versus Jamie Benn in Oilers zone.
1:54 of 2nd period - Casey Cizikas is hit by Jamie Benn.
2:16 of 2nd period - Logan Couture is hit by Jamie Benn and loses puck.
2:33 of 2nd period - Shot by Jamie Benn.
2:33 of 2nd period - Shot Misses the Net.
3:59 of 2nd period - Ross Colton is hit by Tyler Motte and loses puck.
4:55 of 2nd period - Nathan Beaulieu is hit by Casey Cizikas and loses puck.
5:02 of 2nd period - Shot by Casey Cizikas.
5:02 of 2nd period - Shot Blocked by Brad Richardson.
5:04 of 2nd period - Shot by Keith Yandle.
5:04 of 2nd period - Shot Misses the Net.
5:59 of 2nd period - Off-side.
6:00 of 2nd period - Jamie Benn wins face-off versus Joe Pavelski in neutral zone.
6:21 of 2nd period - Shot by Tomas Tatar.
6:21 of 2nd period - Stopped by Pekka Rinne with a rebound.
6:23 of 2nd period - Shot by Alex Iafallo.
6:23 of 2nd period - Stopped by Pekka Rinne without a rebound.
6:24 of 2nd period - Casey Cizikas wins face-off versus Leon Draisaitl in Predateurs zone.
6:47 of 2nd period - Shot by Casey Cizikas.
6:47 of 2nd period - Deflect By Robby Fabbri.
6:47 of 2nd period - Stopped by Pekka Rinne with a rebound.
6:49 of 2nd period - Shot by Mark Giordano.
6:49 of 2nd period - Stopped by Pekka Rinne without a rebound.
6:50 of 2nd period - Jamie Benn wins face-off versus Joe Pavelski in Predateurs zone.
6:59 of 2nd period - Shot by Alex Iafallo.
6:59 of 2nd period - Shot Blocked by Stephen Johns.
6:59 of 2nd period - Stephen Johns from Predateurs is injured at 6:59 of 2nd period (Sprained Right Ankle).
7:00 of 2nd period - Kevin Hayes wins face-off versus Zach Parise in Predateurs zone.
7:00 of 2nd period - Kevin Hayes is hit by Mike Green.
7:18 of 2nd period - Shot by Zach Parise.
7:18 of 2nd period - Stopped by Connor Hellebuyck without a rebound.
7:19 of 2nd period - Jamie Benn wins face-off versus Joe Pavelski in Oilers zone.
7:20 of 2nd period - Shot by Filip Forsberg.
7:20 of 2nd period - Stopped by Connor Hellebuyck without a rebound.
7:21 of 2nd period - Joe Pavelski wins face-off versus Jamie Benn in Oilers zone.
7:26 of 2nd period - Shot by Alex Iafallo.
7:26 of 2nd period - Stopped by Pekka Rinne without a rebound.
7:27 of 2nd period - Joe Pavelski wins face-off versus Jamie Benn in Predateurs zone.
7:27 of 2nd period - Mark Giordano is hit by Mike Green and loses puck.
7:47 of 2nd period - Shot by Joe Pavelski.
7:47 of 2nd period - Stopped by Pekka Rinne without a rebound.
7:48 of 2nd period - John Tavares wins face-off versus Leon Draisaitl in Predateurs zone.
8:11 of 2nd period - Shot by Sidney Crosby.
8:11 of 2nd period - Stopped by Connor Hellebuyck without a rebound.
8:12 of 2nd period - Jamie Benn wins face-off versus Joe Pavelski in Oilers zone.
9:17 of 2nd period - Shot by Teuvo Teravainen.
9:17 of 2nd period - Stopped by Connor Hellebuyck without a rebound.
9:18 of 2nd period - John Tavares wins face-off versus Alexander Wennberg in Oilers zone.
9:18 of 2nd period - John Tavares is hit by Ross Colton.
9:26 of 2nd period - Shot by Kevin Hayes.
9:26 of 2nd period - Stopped by Pekka Rinne with a rebound.
9:28 of 2nd period - Shot by John Tavares.
9:28 of 2nd period - Deflect By Kevin Hayes.
9:28 of 2nd period - Shot Blocked by Mike Green.
9:34 of 2nd period - Shot by Brian Dumoulin.
9:34 of 2nd period - Stopped by Pekka Rinne without a rebound.
9:35 of 2nd period - Sidney Crosby wins face-off versus Christian Dvorak in Predateurs zone.
10:01 of 2nd period - Shot by Jordan Eberle.
10:01 of 2nd period - Shot Blocked by Nathan Beaulieu.
10:03 of 2nd period - Shot by Tyler Motte.
10:03 of 2nd period - Shot Blocked by Nathan Beaulieu.
10:05 of 2nd period - Shot by Christian Dvorak.
10:05 of 2nd period - Shot Misses the Net.
10:07 of 2nd period - Shot by Tyler Motte.
10:07 of 2nd period - Stopped by Pekka Rinne without a rebound.
10:08 of 2nd period - Alexander Wennberg wins face-off versus John Tavares in Predateurs zone.
10:24 of 2nd period - Shot by Brian Dumoulin.
10:24 of 2nd period - Stopped by Pekka Rinne with a rebound.
10:26 of 2nd period - Shot by Brian Dumoulin.
10:26 of 2nd period - Shot Misses the Net.
10:39 of 2nd period - Icing by Brian Dumoulin.
10:40 of 2nd period - Logan Couture wins face-off versus Sidney Crosby in Oilers zone.
11:02 of 2nd period - Shot by John Tavares.
11:02 of 2nd period - Shot Misses the Net.
11:32 of 2nd period - Shot by Joe Pavelski.
11:32 of 2nd period - Stopped by Pekka Rinne without a rebound.
11:33 of 2nd period - Jamie Benn wins face-off versus Tyler Motte in Predateurs zone.
11:41 of 2nd period - Off-side.
11:42 of 2nd period - Christian Dvorak wins face-off versus Jamie Benn in neutral zone.
12:50 of 2nd period - Shot by Tomas Tatar.
12:50 of 2nd period - Stopped by Pekka Rinne without a rebound.
12:51 of 2nd period - Alexander Wennberg wins face-off versus John Tavares in Predateurs zone.
14:03 of 2nd period - Shot by Teuvo Teravainen.
14:03 of 2nd period - Deflect By Leon Draisaitl.
14:03 of 2nd period - Stopped by Connor Hellebuyck without a rebound.
14:04 of 2nd period - Josh Archibald wins face-off versus Joe Pavelski in Oilers zone.
14:09 of 2nd period - Shot by Brad Richardson.
14:09 of 2nd period - Stopped by Connor Hellebuyck without a rebound.
14:10 of 2nd period - Brad Richardson wins face-off versus Joe Pavelski in Oilers zone.
14:31 of 2nd period - Shot by Keith Yandle.
14:31 of 2nd period - Stopped by Pekka Rinne without a rebound.
14:32 of 2nd period - Alexander Wennberg wins face-off versus Robby Fabbri in Predateurs zone.
14:32 of 2nd period - Alexander Wennberg is hit by Devin Shore.
14:55 of 2nd period - Shot by Zach Parise.
14:55 of 2nd period - Shot Misses the Net.
15:24 of 2nd period - Icing by Ryan Pulock.
15:25 of 2nd period - Teuvo Teravainen wins face-off versus Devin Shore in Oilers zone.
15:43 of 2nd period - Shot by Leon Draisaitl.
15:43 of 2nd period - Stopped by Connor Hellebuyck without a rebound.
15:44 of 2nd period - Jamie Benn wins face-off versus Joe Pavelski in Oilers zone.
16:04 of 2nd period - Shot by Denis Gurianov.
16:04 of 2nd period - Stopped by Connor Hellebuyck without a rebound.
16:05 of 2nd period - Sidney Crosby wins face-off versus Christian Dvorak in Oilers zone.
16:05 of 2nd period - Sidney Crosby is hit by Brian Dumoulin.
16:23 of 2nd period - Shot by Sidney Crosby.
16:23 of 2nd period - Stopped by Connor Hellebuyck without a rebound.
16:24 of 2nd period - Tomas Tatar wins face-off versus Filip Forsberg in Oilers zone.
16:24 of 2nd period - Tomas Tatar is hit by Jamie Benn.
16:31 of 2nd period - Icing by Tomas Tatar.
16:32 of 2nd period - Joe Pavelski wins face-off versus Brad Richardson in Oilers zone.
16:32 of 2nd period - Joe Pavelski is hit by Josh Archibald.
16:39 of 2nd period - Icing by Keith Yandle.
16:40 of 2nd period - Joe Pavelski wins face-off versus Jamie Benn in Oilers zone.
16:40 of 2nd period - Joe Pavelski is hit by Jamie Benn.
17:04 of 2nd period - Minor Penalty to Brady Skjei for Hooking.
17:05 of 2nd period - Jamie Benn wins face-off versus John Tavares in Predateurs zone.
17:05 of 2nd period - Josh Archibald is hit by Kevin Hayes and loses puck.
17:25 of 2nd period - John Tavares is hit by Nathan Beaulieu and loses puck.
17:30 of 2nd period - Shot by Mark Giordano.
17:30 of 2nd period - Stopped by Pekka Rinne without a rebound.
17:31 of 2nd period - Joe Pavelski wins face-off versus Trevor Lewis in Predateurs zone.
17:34 of 2nd period - Shot by Keith Yandle.
17:34 of 2nd period - Shot Misses the Net.
17:36 of 2nd period - Shot by Keith Yandle.
17:36 of 2nd period - Stopped by Pekka Rinne without a rebound.
17:37 of 2nd period - Joe Pavelski wins face-off versus Trevor Lewis in Predateurs zone.
17:40 of 2nd period - Shot by Keith Yandle.
17:40 of 2nd period - Shot Misses the Net.
18:37 of 2nd period - Shot by Logan Couture.
18:37 of 2nd period - Stopped by Pekka Rinne without a rebound.
18:38 of 2nd period - John Tavares wins face-off versus Trevor Lewis in Predateurs zone.
19:02 of 2nd period - Icing by Mark Giordano.
19:03 of 2nd period - John Tavares wins face-off versus Trevor Lewis in Oilers zone.
19:07 of 2nd period - Brian Dumoulin is hit by Brady Skjei and loses puck.
19:16 of 2nd period - Shot by Christian Dvorak.
19:16 of 2nd period - Stopped by Pekka Rinne without a rebound.
19:17 of 2nd period - Brad Richardson wins face-off versus Joe Pavelski in Predateurs zone.
19:17 of 2nd period - Brad Richardson is hit by Tomas Tatar.
19:29 of 2nd period - Shot by Brad Richardson.
19:29 of 2nd period - Deflect By Josh Archibald.
19:29 of 2nd period - Stopped by Connor Hellebuyck without a rebound.
19:30 of 2nd period - Sidney Crosby wins face-off versus John Tavares in Oilers zone.
19:30 of 2nd period - Sidney Crosby is hit by Justin Faulk.
19:56 of 2nd period - Shot by John Tavares.
19:56 of 2nd period - Shot Misses the Net.
19:58 of 2nd period - Shot by Ryan Pulock.
19:58 of 2nd period - Stopped by Pekka Rinne without a rebound.
19:59 of 2nd period - Jamie Benn wins face-off versus Joe Pavelski in Predateurs zone.
Goals for this period are 0 for Oilers vs 0 for Predateurs.
Shots for this period are 19 for Oilers vs 11 for Predateurs.

3rd period


0:01 of 3rd period - Joe Pavelski wins face-off versus Jamie Benn in neutral zone.
0:08 of 3rd period - Shot by Alex Iafallo.
0:08 of 3rd period - Shot Misses the Net.
1:06 of 3rd period - Shot by Nathan Beaulieu.
1:06 of 3rd period - Shot Misses the Net.
1:10 of 3rd period - Shot by Alexander Wennberg.
1:10 of 3rd period - Stopped by Connor Hellebuyck without a rebound.
1:11 of 3rd period - Jordan Eberle wins face-off versus Teuvo Teravainen in Oilers zone.
1:22 of 3rd period - Shot by Christian Dvorak.
1:22 of 3rd period - Shot Blocked by Teuvo Teravainen.
1:48 of 3rd period - Shot by Sidney Crosby.
1:48 of 3rd period - Shot Misses the Net.
1:50 of 3rd period - Shot by Mike Green.
1:50 of 3rd period - Deflect By Sidney Crosby.
1:50 of 3rd period - Stopped by Connor Hellebuyck without a rebound.
1:51 of 3rd period - John Tavares wins face-off versus Alexander Wennberg in Oilers zone.
1:51 of 3rd period - John Tavares is hit by Ross Colton.
2:14 of 3rd period - Shot by Logan Couture.
2:14 of 3rd period - Shot Misses the Net.
2:20 of 3rd period - Shot by Esa Lindell.
2:20 of 3rd period - Stopped by Connor Hellebuyck with a rebound.
2:22 of 3rd period - Shot by Esa Lindell.
2:22 of 3rd period - Goal by Esa Lindell - Oilers : 2 - Predateurs : 1.
2:23 of 3rd period - Brad Richardson wins face-off versus Casey Cizikas in neutral zone.
2:25 of 3rd period - Off-side.
2:26 of 3rd period - Brad Richardson wins face-off versus Christian Dvorak in neutral zone.
2:26 of 3rd period - Brad Richardson is hit by Tyler Motte.
2:34 of 3rd period - Shot by Trevor Lewis.
2:34 of 3rd period - Stopped by Connor Hellebuyck without a rebound.
2:34 of 3rd period - Minor Penalty to Mark Giordano for Holding.
2:35 of 3rd period - Logan Couture wins face-off versus Sidney Crosby in Oilers zone.
2:35 of 3rd period - Logan Couture is hit by Leon Draisaitl.
2:59 of 3rd period - Shot by Leon Draisaitl.
2:59 of 3rd period - Shot Misses the Net.
3:01 of 3rd period - Shot by Mike Green.
3:01 of 3rd period - Stopped by Connor Hellebuyck with a rebound.
3:03 of 3rd period - Shot by Teuvo Teravainen.
3:03 of 3rd period - Shot Misses the Net.
3:05 of 3rd period - Shot by Sidney Crosby.
3:05 of 3rd period - Shot Misses the Net.
3:07 of 3rd period - Shot by Leon Draisaitl.
3:07 of 3rd period - Stopped by Connor Hellebuyck without a rebound.
3:08 of 3rd period - Logan Couture wins face-off versus Jamie Benn in Oilers zone.
3:12 of 3rd period - Off-side.
3:13 of 3rd period - Logan Couture wins face-off versus Jamie Benn in neutral zone.
3:44 of 3rd period - Shot by Brian Dumoulin.
3:44 of 3rd period - Shot Blocked by Esa Lindell.
3:50 of 3rd period - Shot by Esa Lindell.
3:50 of 3rd period - Stopped by Connor Hellebuyck with a rebound.
3:52 of 3rd period - Shot by Brady Skjei.
3:52 of 3rd period - Stopped by Connor Hellebuyck without a rebound.
3:53 of 3rd period - Sidney Crosby wins face-off versus Casey Cizikas in Oilers zone.
3:53 of 3rd period - Teuvo Teravainen is hit by Justin Faulk and loses puck.
3:56 of 3rd period - Shot by Nathan Beaulieu.
3:56 of 3rd period - Stopped by Connor Hellebuyck without a rebound.
3:57 of 3rd period - Leon Draisaitl wins face-off versus Casey Cizikas in Oilers zone.
4:58 of 3rd period - Shot by Casey Cizikas.
4:58 of 3rd period - Shot Misses the Net.
5:00 of 3rd period - Shot by Devin Shore.
5:00 of 3rd period - Shot Misses the Net.
5:02 of 3rd period - Shot by Casey Cizikas.
5:02 of 3rd period - Shot Misses the Net.
5:06 of 3rd period - Shot by Robby Fabbri.
5:06 of 3rd period - Shot Misses the Net.
5:08 of 3rd period - Shot by Mark Giordano.
5:08 of 3rd period - Stopped by Pekka Rinne without a rebound.
5:09 of 3rd period - Jordan Eberle wins face-off versus Jamie Benn in Predateurs zone.
5:38 of 3rd period - Shot by Justin Faulk.
5:38 of 3rd period - Deflect By Christian Dvorak.
5:38 of 3rd period - Shot Misses the Net.
5:44 of 3rd period - Shot by Filip Forsberg.
5:44 of 3rd period - Shot Misses the Net.
5:57 of 3rd period - Icing by Ryan Pulock.
5:58 of 3rd period - Sidney Crosby wins face-off versus Christian Dvorak in Oilers zone.
5:59 of 3rd period - Shot by Leon Draisaitl.
5:59 of 3rd period - Stopped by Connor Hellebuyck without a rebound.
6:00 of 3rd period - John Tavares wins face-off versus Sidney Crosby in Oilers zone.
6:00 of 3rd period - Logan Couture is hit by Leon Draisaitl and loses puck.
6:09 of 3rd period - Shot by Sidney Crosby.
6:09 of 3rd period - Shot Misses the Net.
6:25 of 3rd period - Shot by Sidney Crosby.
6:25 of 3rd period - Stopped by Connor Hellebuyck with a rebound.
6:32 of 3rd period - Off-side.
6:33 of 3rd period - Alex Iafallo wins face-off versus Alexander Wennberg in neutral zone.
6:50 of 3rd period - Shot by Zach Parise.
6:50 of 3rd period - Shot Blocked by Brian Dumoulin.
6:52 of 3rd period - Shot by Zach Parise.
6:52 of 3rd period - Stopped by Connor Hellebuyck without a rebound.
6:53 of 3rd period - Christian Dvorak wins face-off versus Jamie Benn in Oilers zone.
7:35 of 3rd period - Shot by Jordan Eberle.
7:35 of 3rd period - Deflect By Christian Dvorak.
7:35 of 3rd period - Shot Blocked by Brady Skjei.
7:50 of 3rd period - Jamie Benn is hit by Keith Yandle.
8:02 of 3rd period - Shot by Mark Giordano.
8:02 of 3rd period - Stopped by Pekka Rinne without a rebound.
8:03 of 3rd period - Sidney Crosby wins face-off versus John Tavares in Predateurs zone.
8:16 of 3rd period - Shot by Logan Couture.
8:16 of 3rd period - Shot Blocked by Fredrik Claesson.
8:18 of 3rd period - Shot by Brian Dumoulin.
8:18 of 3rd period - Shot Blocked by Fredrik Claesson.
8:29 of 3rd period - Leon Draisaitl is hit by Brian Dumoulin and loses puck.
8:58 of 3rd period - Icing by Mike Reilly.
8:59 of 3rd period - John Tavares wins face-off versus Alexander Wennberg in Oilers zone.
9:18 of 3rd period - Shot by Joe Pavelski.
9:18 of 3rd period - Stopped by Pekka Rinne without a rebound.
9:19 of 3rd period - Joe Pavelski wins face-off versus Brad Richardson in Predateurs zone.
9:21 of 3rd period - Alex Iafallo is hit by Mike Green and loses puck.
9:51 of 3rd period - Mark Giordano is hit by Mike Green and loses puck.
10:04 of 3rd period - Shot by Keith Yandle.
10:04 of 3rd period - Stopped by Pekka Rinne with a rebound.
10:15 of 3rd period - Icing by Esa Lindell.
10:16 of 3rd period - Casey Cizikas wins face-off versus Brad Richardson in Predateurs zone.
10:33 of 3rd period - Ryan Pulock is hit by Brad Richardson.
10:40 of 3rd period - Icing by Justin Faulk.
10:41 of 3rd period - Alexander Wennberg wins face-off versus Casey Cizikas in Oilers zone.
10:49 of 3rd period - Icing by Justin Faulk.
10:50 of 3rd period - Casey Cizikas wins face-off versus Jamie Benn in Oilers zone.
11:16 of 3rd period - Icing by Nathan Beaulieu.
11:17 of 3rd period - John Tavares wins face-off versus Jamie Benn in Predateurs zone.
11:20 of 3rd period - Shot by Logan Couture.
11:20 of 3rd period - Stopped by Pekka Rinne without a rebound.
11:21 of 3rd period - Alexander Wennberg wins face-off versus John Tavares in Predateurs zone.
11:26 of 3rd period - Shot by Alexander Wennberg.
11:26 of 3rd period - Stopped by Connor Hellebuyck without a rebound.
11:27 of 3rd period - Joe Pavelski wins face-off versus Sidney Crosby in Oilers zone.
11:37 of 3rd period - Off-side.
11:38 of 3rd period - Alexander Wennberg wins face-off versus John Tavares in neutral zone.
11:38 of 3rd period - Alexander Wennberg is hit by John Tavares.
11:44 of 3rd period - Justin Faulk is hit by Ross Colton.
11:53 of 3rd period - Minor Penalty to Ross Colton for Hooking.
11:54 of 3rd period - Joe Pavelski wins face-off versus Jamie Benn in Predateurs zone.
11:57 of 3rd period - Shot by Keith Yandle.
11:57 of 3rd period - Goal by Keith Yandle - Oilers : 3 - Predateurs : 1.
11:58 of 3rd period - Sidney Crosby wins face-off versus Joe Pavelski in neutral zone.
12:24 of 3rd period - Shot by Tomas Tatar.
12:24 of 3rd period - Shot Blocked by Brady Skjei.
12:47 of 3rd period - Leon Draisaitl is hit by Alex Iafallo and loses puck.
13:22 of 3rd period - Shot by Alexander Wennberg.
13:22 of 3rd period - Deflect By Ross Colton.
13:22 of 3rd period - Shot Misses the Net.
13:26 of 3rd period - Shot by Fredrik Claesson.
13:26 of 3rd period - Stopped by Connor Hellebuyck without a rebound.
13:27 of 3rd period - Christian Dvorak wins face-off versus Jamie Benn in Oilers zone.
13:56 of 3rd period - Shot by Jordan Eberle.
13:56 of 3rd period - Shot Blocked by Brady Skjei.
14:04 of 3rd period - Shot by Tyler Motte.
14:04 of 3rd period - Shot Misses the Net.
14:06 of 3rd period - Shot by Brian Dumoulin.
14:06 of 3rd period - Stopped by Pekka Rinne without a rebound.
14:07 of 3rd period - John Tavares wins face-off versus Alexander Wennberg in Predateurs zone.
14:07 of 3rd period - Logan Couture is hit by Nathan Beaulieu and loses puck.
14:13 of 3rd period - Off-side.
14:14 of 3rd period - Alexander Wennberg wins face-off versus John Tavares in neutral zone.
14:14 of 3rd period - Alexander Wennberg is hit by Kevin Hayes.
14:31 of 3rd period - Icing by Alexander Wennberg.
14:32 of 3rd period - Alexander Wennberg wins face-off versus Casey Cizikas in Predateurs zone.
14:32 of 3rd period - Alexander Wennberg is hit by Casey Cizikas.
14:56 of 3rd period - Shot by Alexander Wennberg.
14:56 of 3rd period - Stopped by Connor Hellebuyck without a rebound.
14:57 of 3rd period - Jamie Benn wins face-off versus John Tavares in Oilers zone.
15:20 of 3rd period - Shot by Jamie Benn.
15:20 of 3rd period - Shot Blocked by Logan Couture.
15:31 of 3rd period - Icing by Brady Skjei.
15:32 of 3rd period - Joe Pavelski wins face-off versus Jamie Benn in Predateurs zone.
15:32 of 3rd period - Joe Pavelski is hit by Brady Skjei.
15:51 of 3rd period - Minor Penalty to Denis Gurianov for Hooking.
15:52 of 3rd period - John Tavares wins face-off versus Josh Archibald in Predateurs zone.
16:21 of 3rd period - Mark Giordano is hit by Trevor Lewis and loses puck.
17:03 of 3rd period - Icing by Joe Pavelski.
17:04 of 3rd period - Jamie Benn wins face-off versus Tomas Tatar in Oilers zone.
17:41 of 3rd period - Shot by Tomas Tatar.
17:41 of 3rd period - Deflect By Joe Pavelski.
17:41 of 3rd period - Stopped by Pekka Rinne with a rebound.
18:15 of 3rd period - Zach Parise is hit by Tyler Motte and loses puck.
18:53 of 3rd period - Icing by Devin Shore.
18:54 of 3rd period - Sidney Crosby wins face-off versus Casey Cizikas in Oilers zone.
18:55 of 3rd period - Shot by Leon Draisaitl.
18:55 of 3rd period - Deflect By Sidney Crosby.
18:55 of 3rd period - Stopped by Connor Hellebuyck without a rebound.
18:56 of 3rd period - Sidney Crosby wins face-off versus John Tavares in Oilers zone.
19:05 of 3rd period - Shot by Sidney Crosby.
19:05 of 3rd period - Shot Blocked by Keith Yandle.
19:15 of 3rd period - Shot by Teuvo Teravainen.
19:15 of 3rd period - Stopped by Connor Hellebuyck without a rebound.
19:16 of 3rd period - Josh Archibald wins face-off versus Joe Pavelski in Oilers zone.
19:19 of 3rd period - Shot by Brad Richardson.
19:19 of 3rd period - Shot Misses the Net.
19:28 of 3rd period - Shot by Brad Richardson.
19:28 of 3rd period - Shot Misses the Net.
19:41 of 3rd period - Off-side.
19:42 of 3rd period - Denis Gurianov wins face-off versus John Tavares in neutral zone.
Goals for this period are 1 for Oilers vs 1 for Predateurs.
Shots for this period are 8 for Oilers vs 18 for Predateurs.